 Dungeon Crawl Stone Soup version 0.19-a0-1831-gd4c818f (webtiles) character file.

88 Proteus the Covert (level 4, 0/33 HPs)
             Began as a Spriggan Assassin on Oct 8, 2016.
             Succumbed to an adder's poison
             ... on level 2 of the Dungeon.
             The game lasted 00:05:01 (1575 turns).

Proteus the Covert (Spriggan Assassin)              Turns: 1575, Time: 00:05:02

Health: 0/33       AC: 22    Str:  6 (7)  XL:     4   Next: 30%
Magic:  5/5        EV:  4    Int: 10 (12) God:
Gold:   21         SH:  0    Dex: 16 (18) Spells: 0 memorised, 3 levels left

rFire  . . .     SeeInvis +     a - +2 dagger
rCold  . . .     Gourm    .     (armour currently unavailable)
rNeg   + + +     Faith    .     (shield restricted)
rPois  +         Spirit   .     (helmet currently unavailable)
rElec  .         Dismiss  .     (cloak currently unavailable)
rCorr  .         Reflect  .     (gloves unavailable)
MR     .....     Harm     .     (boots unavailable)
Stlth  ++++...... NoTele   +    (no amulet)
                                (no ring)
                                (no ring)

@: lethally poisoned (0 -> -2), tree-form (expiring), very slightly
contaminated, invisible
A: unfitting armour, see invisible, herbivore 3, (speed 0), slow metabolism 2
a: no special abilities


You were on level 2 of the Dungeon.
You were not hungry.
You were a tree.
You visited 1 branch of the dungeon, and saw 2 of its levels.

You collected 21 gold pieces.

Inventory:

Hand Weapons
 a - a +2 dagger (weapon)
 b - a +0 blowgun
Missiles
 e - 8 poisoned needles
 f - 5 curare-tipped needles
Armour
 c - a +0 robe (melded)
 d - a +0 cloak (melded)
Scrolls
 h - a scroll of enchant armour {unknown}
 i - a scroll of enchant weapon {unknown}
Comestibles
 g - a bread ration


   Skills:
 - Level 1.5 Fighting
 - Level 2.1 Short Blades
 - Level 2.0 Throwing
 - Level 1.5 Dodging
 + Level 8.9 Stealth


You had 3 spell levels left.
You didn't know any spells.

Dungeon Overview and Level Annotations

Branches:
Dungeon (2/15)

Altars:
Vehumet


Innate Abilities, Weirdness & Mutations

You are very small and have problems with some larger weapons.
You are too small for most types of armour.
You have supernaturally acute eyesight. (SInv)
You are a herbivore.
((You cover ground extremely quickly.))
You need consume almost no food.


Message History

You fade into invisibility!
You are very lightly contaminated with residual magic.
It was a potion of degeneration.
There was something very wrong with that liquid.
You feel weakened.
You feel dopey.
You feel clumsy.
Unknown command.
There is a lethal amount of poison in your body!
* * * LOW HITPOINT WARNING * * *
You feel sick.
* * * LOW HITPOINT WARNING * * *
You feel sick.
Unknown command.
* * * LOW HITPOINT WARNING * * *
You feel sick.
* * * LOW HITPOINT WARNING * * *
You feel sick.
Your transformation is almost over.
* * * LOW HITPOINT WARNING * * *
You feel sick.
You die...

###### #.##.###.....#.......#.#
#.....##.#...†.......#†#
######.......#........#.#
##.....#.####...#.....##.# #####
##........####...##.....#.. .....
#............<........#.... .....
#............##..##.#.##)..
.....##........).†###..#....###..
....†..†..[.....♣.#.......### #..
.....##..>.......#....###.# #..
.......#............#.#...# #..
.................[......#######..
.....#..............##.####.....#
.......†............#..##...#####
......#†..................### #..
......#................#### #..
......#........###.......## #..


There were no monsters in sight!

Vanquished Creatures
  4 adders (D:2)
  An ooze (D:1)
  2 worms (D:2)
  A dart slug (D:2)
  A leopard gecko (D:1)
  A giant cockroach (D:1)
  2 goblins
  A hobgoblin (D:2)
  5 jackals (D:2)
  A quokka (D:2)
  2 ball pythons (D:1)
  5 bats
  6 frilled lizards
  6 kobolds
  7 rats
45 creatures vanquished.

Notes
Turn   | Place    | Note
-------+----------+-------------------------------------------
     0 | D:1      | Proteus the Spriggan Assassin began the quest for the Orb.
     0 | D:1      | Reached XP level 1. HP: 10/10 MP: 2/2
    27 | D:1      | Reached skill level 6 in Stealth
   305 | D:1      | Reached XP level 2. HP: 14/14 MP: 3/3
   646 | D:1      | Reached skill level 7 in Stealth
  1052 | D:2      | Reached XP level 3. HP: 17/18 MP: 4/4
  1268 | D:2      | Found a radiant altar of Vehumet.
  1283 | D:2      | Reached skill level 8 in Stealth
  1376 | D:2      | Reached XP level 4. HP: 22/22 MP: 5/5
  1567 | D:2      | HP: 1/33 [poisoned by an adder]
  1575 | D:2      | Succumbed to an adder's poison

Vault maps used:
D:1:      dpeg_arrival_simpleton_a
D:2:      lemuel_round_altar, kennysheep_generic_room_15, uniq_iyjb

Skill      XL: |  1  2  3 |
---------------+----------+-----
Stealth        | 6 7 8 |  8.9
Fighting       | |  1.5
Short Blades   | |  2.1
Throwing       | |  2.0
Dodging        | |  1.5

Action                   |  1- 3 |  4- 6 || total
-------------------------+-------+-------++-------
Melee: Dagger            |   108 |    42 ||   150
  Use: Potion            |       |     3 ||     3
 Stab: Sleeping          |     9 |     3 ||    12
Armor: Robe              |    13 |     1 ||    14
       Skin              |       |    10 ||    10
Dodge: Dodged            |    89 |    35 ||   124
